 Dungeon Crawl Stone Soup version 0.28-a0-697-g47f3eba078 (webtiles) character file.

Game seed: 5197700289712990017

19 KoroneIsBestGirl the Chiller (level 2, -1/19 HPs)
             Began as a Barachi Ice Elementalist on Oct 23, 2021.
             Was a Follower of Makhleb.
             Slain by a worm (11 damage)
             ... on level 1 of the Dungeon.
             The game lasted 00:00:54 (1325 turns).

KoroneIsBestGirl the Chiller (BaIE)                 Turns: 1325, Time: 00:00:56

Health: -1/19      AC:  2    Str:  9    XL:     2   Next: 75%
Magic:  2/5        EV: 12    Int: 15    God:    Makhleb [*.....]
Gold:   56         SH:  0    Dex: 12    Spells: 5/6 levels left

rFire   . . .      SeeInvis .   (no weapon)
rCold   . . .      Faith    .   (no shield)
rNeg    . . .      Spirit   .   a - +0 robe
rPois   .          Reflect  .   (no helmet)
rElec   .          Harm     .   (no cloak)
rCorr   .          Rampage  .   (no gloves)
Will    .....                   (no boots)
Stlth   ++........              (no amulet)
HPRegen 0.06/turn               (no ring)
MPRegen 0.09/turn               (no ring)

@: slow
A: amphibious, slowness 1, strong legs 1, +LOS
a: Hop, Renounce Religion


You were on level 1 of the Dungeon.
You worshipped Makhleb.
Makhleb was aware of your devotion.
You visited 1 branch of the dungeon, and saw 2 of its levels.

You collected 56 gold pieces.

Inventory:

Armour
 a - a +0 robe (worn)
Scrolls
 b - a scroll of enchant armour {unknown}


   Skills:
 + Level 2.7 Dodging
 - Level 1.7 Stealth
 + Level 2.6 Spellcasting
 + Level 5.1 Ice Magic


You had 5 spell levels left.
You knew the following spells:

 Your Spells              Type           Power      Damage    Failure   Level
a - Freeze                Ice            68%        1d8       2%          1

Your spell library contained the following spells:

 Spells                   Type           Power      Damage    Failure   Level
 Frozen Ramparts          Ice            34%        1d5       8%          3
 Ozocubu's Armour         Ice            17%        N/A       8%          3
 Summon Small Mammal      Summ           4%         N/A       22%         1
 Hailstorm                Conj/Ice       9%         3d4       58%         4


Dungeon Overview and Level Annotations

Branches:
Dungeon (2/15)

Altars:
Makhleb


Innate Abilities, Weirdness & Mutations

You are amphibious.
You cover ground slowly.
You can hop short distances.
You have an extended range of vision and can be seen from far away.


Message History

You kill the rat!
Makhleb accepts your kill.
You start resting.
You are ready to hop once more.
You start resting.
Magic restored.
You start resting.
HP restored.
You start waiting.
Done waiting.
You climb downwards.
The worm completely misses you.
There is a stone staircase leading up here.
The worm misses you.
You climb upwards.
There is a stone staircase leading down here.
Casting: Freeze (safe; 2% risk of failure)
Confirm with . or Enter, or press ? or * to list all spells.
Aiming: Freeze (safe; 2% risk of failure)
Press: ? - help, Shift-Dir - straight line, f - worm
Aim: a worm You freeze the worm!
The worm is heavily wounded.
Casting: Freeze (safe; 2% risk of failure)
Confirm with . or Enter, or press ? or * to list all spells.
Aiming: Freeze (safe; 2% risk of failure)
Press: ? - help, Shift-Dir - straight line, f/p - worm
Aim: a worm (heavily wounded)
You freeze the worm.
The worm is heavily wounded.
The worm bites you!
Casting: Freeze (safe; 2% risk of failure)
Confirm with . or Enter, or press ? or * to list all spells.
Aiming: Freeze (safe; 2% risk of failure)
Press: ? - help, Shift-Dir - straight line, f/p - worm
Aim: a worm (heavily wounded)
You freeze the worm!
The worm is almost dead.
The worm bites you!
Ouch! That really hurt!
You die...

#.###.## ##........########...
#.# #..## ##.........####.....
###.# ##..## ##............(....
.##.# ##..#######.............##
.##.######....########.......###
..#....#
####...#################
.......# ###.##...............
.P##...# ##..#.##############
.#PP..## #..@...# #.##..#
#..†w..# P#....# #......#
#.##^.# #......# ### #.#P^.#
#......# #.. #.#_..# #......#
#.# #.#.^.## ###.#### #..
#.##...# #.# #.. .#.....# #.#
#..


You could see a worm.

Vanquished Creatures
  3 ball pythons (D:1)
  2 giant cockroaches (D:1)
  3 goblins (D:1)
  3 hobgoblins (D:1)
  2 quokkas (D:1)
  A frilled lizard (D:2)
  2 rats (D:1)
16 creatures vanquished.

Notes
Turn   | Place    | Note
-------+----------+-------------------------------------------
     0 | D:1      | KoroneIsBestGirl the Barachi Ice Elementalist began the
                  | quest for the Orb.
     0 | D:1      | Reached XP level 1. HP: 13/13 MP: 3/3
   371 | D:1      | Reached skill level 5 in Ice Magic
   414 | D:1      | Reached XP level 2. HP: 16/19 MP: 0/5
   979 | D:1      | Found a faded altar of an unknown god.
   984 | D:1      | Got Plato's Volume of Calling
   985 | D:1      | Prayed at the altar of an unknown god.
   985 | D:1      | Became a worshipper of Makhleb the Destroyer
   985 | D:1      | Reached * piety under Makhleb
  1325 | D:1      | Slain by a worm

Illustrated notes

Levels and vault maps discovered:
D:1:      dpeg_arrival_snail, layout_basic, shapermc_ecumenical_altar_rom_forum,
          minmay_misc_feat_room, st_stairs_7
D:2:      layout_rooms

Skill      XL: |  1 |
---------------+----+-----
Ice Magic      | 5 |  5.1
Dodging        | |  2.7
Stealth        | |  1.7
Spellcasting   | |  2.6

Action                   || total
-------------------------++-------
Melee: Unarmed           ||     7
 Cast: Freeze            ||    30
 Abil: Hop               ||     1
Armor: Robe              ||     6
Dodge: Dodged            ||    22

Table legend: (Time is in decaauts)
 A = Elapsed time spent in this place.
 B = Non-inter-level travel time spent in this place.
 C = Inter-level travel time spent in this place.
 D = Time resting spent in this place.
 E = Time spent auto-exploring this place.
 F = Levels seen in this place.
 G = Mean time per level.
                   A        B        C        D        E       F      G
               +--------+--------+--------+--------+--------+-----+--------+
         Total |   1483 |   1470 |     13 |    183 |   1154 |   2 |  741.5 |
       Dungeon |   1483 |   1470 |     13 |    183 |   1154 |   2 |  741.5 |
               +--------+--------+--------+--------+--------+-----+--------+

Top non-repeatable levels by time:
     D:1: 1464 daAuts
     D:2: 19 daAuts
